 Dungeon Crawl Stone Soup version 0.21.0 (webtiles) character file.

99 Ghouzt the Skirmisher (level 4, 0/37 HPs)
             Began as a Demonspawn Abyssal Knight on Jan 7, 2018.
             Was a Follower of Lugonu.
             Slain by a gnoll
             ... wielding a +0 whip
              (6 damage)
             ... on level 3 of the Dungeon.
             The game lasted 00:07:29 (1550 turns).

Ghouzt the Skirmisher (Demonspawn Abyssal Knight)   Turns: 1550, Time: 00:07:30

Health: 0/37       AC:  3    Str: 14    XL:     4   Next: 45%
Magic:  6/6        EV: 11    Int: 18    God:    Lugonu [*.....]
Gold:   92         SH:  0    Dex: 12    Spells: 3/3 levels left

rFire    . . .     SeeInvis .   a - +1 short sword
rCold    . . .     Gourm    .   (no shield)
rNeg     . . .     Faith    .   b - +0 leather armour
rPois    .         Spirit   .   (no helmet)
rElec    .         Reflect  .   (no cloak)
rCorr    .         Harm     .   (no gloves)
MR       .....                  (no boots)
Stlth    +.........             (no amulet)
HPRegen  0.12/turn              (no ring)
MPRegen  0.10/turn              (no ring)

@: brilliant
A: claws 1, spiny 1
a: Depart the Abyss, Renounce Religion


You were on level 3 of the Dungeon.
You worshipped Lugonu.
Lugonu was aware of your devotion.
You were not hungry.

You visited 1 branch of the dungeon, and saw 3 of its levels.
You visited the Abyss 1 time.

You collected 92 gold pieces.

Inventory:

Hand Weapons
 a - a +1 short sword (weapon)
 f - a +0 dagger
 n - a +0 hunting sling
Armour
 b - a +0 leather armour (worn)
 h - a +0 robe
 i - a +0 ring mail
 m - a +0 robe
 o - a +0 ring mail
 t - a +0 leather armour
Scrolls
 g - a scroll of amnesia {unknown}
 j - 2 scrolls of magic mapping
 p - a scroll of teleportation {unknown}
 q - a scroll of enchant armour {unknown}
 r - a scroll of identify
Potions
 l - a potion of curing {unknown}
 s - a potion of flight {unknown}
 u - a potion of berserk rage {unknown}
Comestibles
 c - 2 rations
 d - 2 chunks of flesh


   Skills:
 * Level 3.6 Fighting
 * Level 3.2 Short Blades
 * Level 2.3 Armour
 + Level 1.0 Dodging
 + Level 2.8 Invocations


You had 3 spell levels left.
You didn't know any spells.

Dungeon Overview and Level Annotations

Branches:
Dungeon (3/15)

Altars:


Innate Abilities, Weirdness & Mutations

You have sharp fingernails.
You are partially covered in sharp spines.


Message History

You hit the gnoll.
The gnoll is heavily wounded.
The gnoll hits you from afar with a halberd!
The gnoll is struck by your spines. The gnoll barely misses you.
You hit the gnoll.
You kill the gnoll!
Lugonu accepts your kill. The gnoll completely misses you.
You hit the gnoll.
The gnoll is moderately wounded.
The gnoll completely misses you.
You barely miss the gnoll.
The gnoll is moderately wounded.
The gnoll barely misses you. The gnoll hits you but does no damage.
You hit the gnoll but do no damage.
The gnoll is moderately wounded.
The gnoll hits you from afar with a halberd!
* * * LOW HITPOINT WARNING * * *
The gnoll hits you with a whip.
You die...

###### #....#
#....# . #..).#
...
#....########...[.
#.....<...@g.!....
#..(.#######g.....
###### ..### .# #


You could see 2 gnolls.

Vanquished Creatures
  5 gnolls
  A dart slug (D:1)
  A leopard gecko (D:2)
  A ball python (D:1)
  4 giant cockroaches
  5 goblins (D:1)
  3 hobgoblins (D:1)
  5 jackals (D:1)
  6 kobolds
  8 bats
  3 frilled lizards
  5 rats
47 creatures vanquished.

Notes
Turn   | Place    | Note
-------+----------+-------------------------------------------
     0 | Abyss:1  | Ghouzt the Demonspawn Abyssal Knight began the quest for the Orb.
     0 | Abyss:1  | Reached XP level 1. HP: 18/18 MP: 2/2
     0 | D:1      | Escaped the Abyss
   205 | D:1      | Gained mutation: You have sharp fingernails. [demonic ancestry]
   205 | D:1      | Reached XP level 2. HP: 21/24 MP: 3/3
   209 | D:1      | Reached * piety under Lugonu
   582 | D:1      | Gained mutation: You are partially covered in sharp spines. [demonic ancestry]
   582 | D:1      | Reached XP level 3. HP: 21/29 MP: 5/5
  1159 | D:2      | Reached skill level 1 in Dodging
  1159 | D:2      | Reached XP level 4. HP: 4/36 MP: 6/6
  1550 | D:3      | Slain by a gnoll

Skill      XL: |  1  2  3 |
---------------+----------+-----
Armour         | 2 |  2.3
Short Blades   | 2 3 |  3.2
Dodging        | 1 |  1.0
Fighting       | |  3.6
Invocations    | |  2.8

Action                   |  1- 3 |  4- 6 || total
-------------------------+-------+-------++-------
Melee: Short sword       |   128 |    24 ||   152
Invok: Depart the Abyss  |     1 |       ||     1
  Use: Scroll            |     3 |       ||     3
       Potion            |     1 |     2 ||     3
  Eat: Chunk             |     1 |     1 ||     2
Armor: Leather armour    |    28 |     4 ||    32
       Robe              |     2 |       ||     2
Dodge: Dodged            |    90 |    16 ||   106
